Capitals vs Senators

Created - November 2 2011 at 18:17

Goals
1 2 3 T
Capitals 0 1 1 2
Senators 0 1 0 1
Shots
1 2 3 T
Capitals 1 7 6 14
Senators 15 7 4 26

Period #1

No Goal

Penalties :
Dion Phaneuf (OTT) for Hooking (Minor) at 4:00, Mike Green (WSH) for Hooking (Minor) at 8:20, Jan Hejda (OTT) for Slashing (Minor) at 17:32, Sidney Crosby (OTT) for Goalie Interference (Minor) at 18:01

Period #2

1. Senators , Claude Giroux 2 (Nick Foligno, John-Michael Liles) at 2:29 (PP)
2. Capitals , Alexei Kovalev 1 (Douglas Murray, Taylor Hall) at 10:17

Penalties :
Mike Green (WSH) for Roughing (Minor) at 0:50, Douglas Murray (WSH) for Hooking (Minor) at 8:03, Jan Hejda (OTT) for Checking from behind (Major / Game Misconduct) at 10:40, Steve Eminger (WSH) for Tripping (Minor) at 18:56

Period #3

3. Capitals , David Desharnais 1 (Mike Green, Tomas Fleischmann) at 10:14 (PP)

Penalties :
Trent Hunter (WSH) for Tripping (Minor) at 5:20, Peter Regin (OTT) for High sticking (Minor) at 8:23, Kimmo Timonen (WSH) for Tripping (Minor) at 10:59, Alexander Ovechkin (WSH) for Tripping (Minor) at 11:51, Steve Eminger (WSH) for Tripping (Minor) at 14:15

Goalie Stats

Jimmy Howard (WSH), 25 saves from 26 shots - (0.962), W, 10-4-0, 60:00 minutes
Carey Price (OTT), 12 saves from 14 shots - (0.857), L, 6-2-1, 59:21 minutes

Players Stats

Capitals
Player Name              G  A  P  +/- PIM S  H  SB FO    MP 
------------------------------------------------------------
Alexander Ovechkin       0  0  0   0  2   1  2  1  1/2   23 
Alexander Semin          0  0  0   0  0   0  1  0  0/5   18 
Alexei Kovalev           1  0  1   1  0   1  0  0  0/0   10 
David Desharnais         1  0  1   0  0   2  0  0  8/24  20 
Douglas Murray           0  1  1   1  2   0  0  2  0/0   21 
Jeff Halpern             0  0  0   0  0   0  0  0  6/16  18 
Kimmo Timonen            0  0  0   0  2   1  1  1  0/0   20 
Marc Methot              0  0  0   0  0   0  4  0  0/0   16 
Mathieu Perreault        0  0  0   0  0   0  0  0  0/0   0  
Matt Stajan              0  0  0   1  0   1  0  0  13/21 19 
Mike Green               0  1  1   0  4   3  2  2  0/0   19 
Ryan McDonagh            0  0  0   0  0   0  0  3  0/0   11 
Ryane Clowe              0  0  0   0  0   1  2  0  1/4   20 
Steve Eminger            0  0  0   1  4   0  3  0  0/0   4  
Taylor Hall              0  1  1   1  0   2  0  0  1/2   16 
Tomas Fleischmann        0  1  1   0  0   2  0  0  0/0   16 
Trent Hunter             0  0  0   0  2   0  4  0  0/1   12 
Willie Mitchell          0  0  0   0  0   0  0  1  0/0   21 
Senators
Player Name              G  A  P  +/- PIM S  H  SB FO    MP 
------------------------------------------------------------
Ales Hemsky              0  0  0   0  0   1  1  0  0/1   17 
Claude Giroux            1  0  1   0  0   7  2  0  1/1   19 
Craig Conroy             0  0  0   0  0   0  0  0  4/9   10 
Daniel Alfredsson        0  0  0  -1  0   0  1  0  1/2   13 
Derek Morris             0  0  0  -1  0   1  1  3  0/0   20 
Dion Phaneuf             0  0  0   0  2   2  0  1  0/0   22 
Jamie Benn               0  0  0   0  0   1  0  0  0/1   19 
Jan Hejda                0  0  0   0  17  0  1  1  0/0   11 
Jason Spezza             0  0  0  -1  0   4  0  0  16/20 18 
John-Michael Liles       0  1  1   0  0   1  0  1  0/0   22 
Nick Foligno             0  1  1   0  0   0  0  0  0/0   17 
Nicklas Lidstrom         0  0  0   0  0   0  0  2  0/0   22 
Patrick Eaves            0  0  0   0  0   1  0  0  0/1   7  
Peter Regin              0  0  0   0  2   1  1  0  0/0   12 
Ruslan Salei             0  0  0  -1  0   0  1  0  0/0   16 
Ryan Johnson             0  0  0   0  0   0  0  0  2/2   3  
Ryan Kesler              0  0  0   0  0   3  3  0  6/13  19 
Sidney Crosby            0  0  0  -1  2   4  0  0  15/25 20 

3 Stars

1 - Jimmy Howard (WSH)
2 - Alexei Kovalev (WSH)
3 - Claude Giroux (OTT)

Power Play

Capitals - 1 on 5 Attempt(s) - 20.00%
Senators - 1 on 8 Attempt(s) - 12.50%

Penalty Kill

Capitals - 7 on 8 Attempt(s) - 87.50% - Score 0 goal in Penalty Kill
Senators - 4 on 5 Attempt(s) - 80.00% - Score 0 goal in Penalty Kill

Game Notes

Jan Hejda ejected from game at 10:40 of 2nd period

Finance

Level 1 -- Attendance: 4971 (76.48%) -- Ticket Income $497,100.00
Level 2 -- Attendance: 3674 (73.48%) -- Ticket Income $220,440.00
Level 3 -- Attendance: 2678 (76.51%) -- Ticket Income $93,730.00
Level 4 -- Attendance: 1393 (44.18%) -- Ticket Income $41,790.00
Luxury Box -- Attendance: 558 (55.80%) -- Ticket Income $139,500.00
Game was played at the Scotiabank Place
Total Attendance: 13274 (69.31%)
Total Ticket Income: $1,061,106.00
Other Income: $222,073.20
Total Income: $1,283,179.00


Play by Play

Period #1

0:01 of 1st period - Matt Stajan wins face-off versus Sidney Crosby in neutral zone.
0:03 of 1st period - Alexander Ovechkin is hit by Jan Hejda and loses puck.
0:44 of 1st period - Shot by Sidney Crosby.
0:44 of 1st period - Stopped by Jimmy Howard without a rebound.
0:45 of 1st period - Ryan Kesler wins face-off versus Jeff Halpern in Capitals zone.
0:48 of 1st period - Shot by Ales Hemsky.
0:48 of 1st period - Stopped by Jimmy Howard without a rebound.
0:49 of 1st period - Jason Spezza wins face-off versus David Desharnais in Capitals zone.
0:59 of 1st period - Daniel Alfredsson is hit by Marc Methot and loses puck.
1:06 of 1st period - Shot by Jason Spezza.
1:06 of 1st period - Shot Blocked by Ryan McDonagh.
1:08 of 1st period - Shot by Derek Morris.
1:08 of 1st period - Stopped by Jimmy Howard without a rebound.
1:09 of 1st period - Jeff Halpern wins face-off versus Ryan Kesler in Capitals zone.
1:29 of 1st period - Shot by Ryan Kesler.
1:29 of 1st period - Shot Misses the Net.
1:31 of 1st period - Shot by Dion Phaneuf.
1:31 of 1st period - Stopped by Jimmy Howard without a rebound.
1:32 of 1st period - Jason Spezza wins face-off versus Trent Hunter in Capitals zone.
1:32 of 1st period - Derek Morris is hit by Marc Methot and loses puck.
1:37 of 1st period - Shot by Patrick Eaves.
1:37 of 1st period - Deflect By Jason Spezza.
1:37 of 1st period - Shot Misses the Net.
1:39 of 1st period - Shot by Patrick Eaves.
1:39 of 1st period - Stopped by Jimmy Howard without a rebound.
1:40 of 1st period - Matt Stajan wins face-off versus Sidney Crosby in Capitals zone.
1:47 of 1st period - Shot by Claude Giroux.
1:47 of 1st period - Shot Blocked by Mike Green.
1:57 of 1st period - Icing by Alexander Ovechkin.
1:58 of 1st period - Matt Stajan wins face-off versus Jason Spezza in Capitals zone.
2:04 of 1st period - Off-side.
2:05 of 1st period - Jeff Halpern wins face-off versus Ryan Kesler in neutral zone.
2:22 of 1st period - Shot by Ales Hemsky.
2:22 of 1st period - Shot Misses the Net.
2:34 of 1st period - Shot by Ryan Kesler.
2:34 of 1st period - Shot Misses the Net.
2:36 of 1st period - Shot by Peter Regin.
2:36 of 1st period - Stopped by Jimmy Howard with a rebound.
2:38 of 1st period - Shot by Ryan Kesler.
2:38 of 1st period - Stopped by Jimmy Howard without a rebound.
2:39 of 1st period - Matt Stajan wins face-off versus Jamie Benn in Capitals zone.
3:14 of 1st period - Shot by Jamie Benn.
3:14 of 1st period - Shot Misses the Net.
3:16 of 1st period - Shot by Claude Giroux.
3:16 of 1st period - Stopped by Jimmy Howard with a rebound.
3:18 of 1st period - Shot by Nicklas Lidstrom.
3:18 of 1st period - Shot Misses the Net.
3:20 of 1st period - Shot by Sidney Crosby.
3:20 of 1st period - Stopped by Jimmy Howard without a rebound.
3:21 of 1st period - Jason Spezza wins face-off versus David Desharnais in Capitals zone.
3:34 of 1st period - Shot by Taylor Hall.
3:34 of 1st period - Shot Blocked by Derek Morris.
3:49 of 1st period - Shot by Jason Spezza.
3:49 of 1st period - Stopped by Jimmy Howard without a rebound.
3:50 of 1st period - Ryan Kesler wins face-off versus Jeff Halpern in Capitals zone.
4:00 of 1st period - Minor Penalty to Dion Phaneuf for Hooking.
4:01 of 1st period - Ryan Kesler wins face-off versus Matt Stajan in Senators zone.
4:25 of 1st period - Icing by Willie Mitchell.
4:26 of 1st period - Matt Stajan wins face-off versus Craig Conroy in Capitals zone.
5:13 of 1st period - Shot by Alexander Semin.
5:13 of 1st period - Shot Blocked by Jan Hejda.
5:15 of 1st period - Shot by Alexander Ovechkin.
5:15 of 1st period - Shot Misses the Net.
5:17 of 1st period - Shot by Mike Green.
5:17 of 1st period - Shot Misses the Net.
6:02 of 1st period - Ryan Kesler is hit by Trent Hunter and loses puck.
6:15 of 1st period - Shot by Ales Hemsky.
6:15 of 1st period - Deflect By Ryan Kesler.
6:15 of 1st period - Shot Blocked by Ryan McDonagh.
6:17 of 1st period - Shot by Ales Hemsky.
6:17 of 1st period - Shot Blocked by Ryan McDonagh.
6:43 of 1st period - Jan Hejda is hit by Trent Hunter.
7:05 of 1st period - Icing by Kimmo Timonen.
7:06 of 1st period - Jason Spezza wins face-off versus Matt Stajan in Capitals zone.
7:12 of 1st period - Nick Foligno is hit by Steve Eminger and loses puck.
7:17 of 1st period - Shot by Jason Spezza.
7:17 of 1st period - Stopped by Jimmy Howard without a rebound.
7:18 of 1st period - Jason Spezza wins face-off versus Jeff Halpern in Capitals zone.
7:53 of 1st period - Icing by Douglas Murray.
7:54 of 1st period - Sidney Crosby wins face-off versus Jeff Halpern in Capitals zone.
7:55 of 1st period - Shot by Jamie Benn.
7:55 of 1st period - Stopped by Jimmy Howard with a rebound.
7:57 of 1st period - Shot by Jan Hejda.
7:57 of 1st period - Shot Misses the Net.
7:59 of 1st period - Shot by Claude Giroux.
7:59 of 1st period - Deflect By Sidney Crosby.
7:59 of 1st period - Shot Blocked by Douglas Murray.
8:03 of 1st period - Shot by Sidney Crosby.
8:03 of 1st period - Stopped by Jimmy Howard without a rebound.
8:04 of 1st period - Matt Stajan wins face-off versus Ryan Kesler in Capitals zone.
8:04 of 1st period - Matt Stajan is hit by Ales Hemsky.
8:20 of 1st period - Minor Penalty to Mike Green for Hooking.
8:21 of 1st period - David Desharnais wins face-off versus Sidney Crosby in Capitals zone.
9:46 of 1st period - Shot by Jason Spezza.
9:46 of 1st period - Shot Misses the Net.
9:48 of 1st period - Shot by Dion Phaneuf.
9:48 of 1st period - Stopped by Jimmy Howard without a rebound.
9:49 of 1st period - Jason Spezza wins face-off versus Alexander Semin in Capitals zone.
11:11 of 1st period - Ryan Kesler is hit by Marc Methot and loses puck.
12:17 of 1st period - Shot by Tomas Fleischmann.
12:17 of 1st period - Shot Blocked by Nicklas Lidstrom.
12:33 of 1st period - Nicklas Lidstrom is hit by Kimmo Timonen and loses puck.
12:40 of 1st period - Shot by Kimmo Timonen.
12:40 of 1st period - Shot Misses the Net.
12:42 of 1st period - Shot by Ryane Clowe.
12:42 of 1st period - Stopped by Carey Price without a rebound.
12:43 of 1st period - Jason Spezza wins face-off versus Matt Stajan in Senators zone.
13:30 of 1st period - Icing by Steve Eminger.
13:31 of 1st period - Ryan Kesler wins face-off versus Matt Stajan in Capitals zone.
13:48 of 1st period - Willie Mitchell is hit by Ryan Kesler and loses puck.
16:12 of 1st period - Shot by Claude Giroux.
16:12 of 1st period - Shot Misses the Net.
16:16 of 1st period - Shot by Jamie Benn.
16:16 of 1st period - Deflect By Sidney Crosby.
16:16 of 1st period - Shot Misses the Net.
16:18 of 1st period - Shot by Claude Giroux.
16:18 of 1st period - Stopped by Jimmy Howard without a rebound.
16:19 of 1st period - Ryan Kesler wins face-off versus David Desharnais in Capitals zone.
16:38 of 1st period - Ales Hemsky is hit by Trent Hunter and loses puck.
16:43 of 1st period - Shot by Taylor Hall.
16:43 of 1st period - Shot Misses the Net.
16:45 of 1st period - Shot by Taylor Hall.
16:45 of 1st period - Shot Blocked by John-Michael Liles.
17:32 of 1st period - Minor Penalty to Jan Hejda for Slashing.
17:33 of 1st period - Craig Conroy wins face-off versus Alexander Semin in Senators zone.
18:01 of 1st period - Minor Penalty to Sidney Crosby for Goalie Interference.
18:02 of 1st period - Ryan Johnson wins face-off versus David Desharnais in Senators zone.
18:02 of 1st period - Ryan Johnson is hit by Alexander Ovechkin.

Period #2

0:01 of 2nd period - Sidney Crosby wins face-off versus David Desharnais in neutral zone.
0:34 of 2nd period - Shot by David Desharnais.
0:34 of 2nd period - Stopped by Carey Price without a rebound.
0:35 of 2nd period - Matt Stajan wins face-off versus Ryan Kesler in Senators zone.
0:49 of 2nd period - Ryan Kesler is hit by Mike Green and loses puck.
0:50 of 2nd period - Minor Penalty to Mike Green for Roughing.
0:51 of 2nd period - Jason Spezza wins face-off versus Jeff Halpern in Capitals zone.
1:02 of 2nd period - Shot by Jason Spezza.
1:02 of 2nd period - Shot Misses the Net.
1:04 of 2nd period - Shot by Jason Spezza.
1:04 of 2nd period - Shot Misses the Net.
1:08 of 2nd period - Shot by Jason Spezza.
1:08 of 2nd period - Shot Blocked by Alexander Ovechkin.
1:12 of 2nd period - Shot by Jason Spezza.
1:12 of 2nd period - Stopped by Jimmy Howard without a rebound.
1:13 of 2nd period - David Desharnais wins face-off versus Sidney Crosby in Capitals zone.
1:19 of 2nd period - Icing by Jamie Benn.
1:20 of 2nd period - David Desharnais wins face-off versus Sidney Crosby in Senators zone.
2:13 of 2nd period - Icing by Dion Phaneuf.
2:14 of 2nd period - Jeff Halpern wins face-off versus Jason Spezza in Senators zone.
2:25 of 2nd period - Shot by Claude Giroux.
2:25 of 2nd period - Stopped by Jimmy Howard with a rebound.
2:27 of 2nd period - Shot by John-Michael Liles.
2:27 of 2nd period - Shot Misses the Net.
2:29 of 2nd period - Shot by Nick Foligno.
2:29 of 2nd period - Deflect By Claude Giroux.
2:29 of 2nd period - Goal by Claude Giroux - Capitals : 0 - Senators : 1.
2:30 of 2nd period - Jason Spezza wins face-off versus David Desharnais in neutral zone.
3:58 of 2nd period - Shot by Ales Hemsky.
3:58 of 2nd period - Shot Misses the Net.
4:03 of 2nd period - Icing by Ryane Clowe.
4:04 of 2nd period - Matt Stajan wins face-off versus Sidney Crosby in Capitals zone.
6:12 of 2nd period - David Desharnais is hit by Ryan Kesler and loses puck.
6:28 of 2nd period - Icing by Taylor Hall.
6:29 of 2nd period - Sidney Crosby wins face-off versus David Desharnais in Capitals zone.
6:50 of 2nd period - Icing by Kimmo Timonen.
6:51 of 2nd period - Matt Stajan wins face-off versus Jason Spezza in Capitals zone.
7:16 of 2nd period - Icing by Ruslan Salei.
7:17 of 2nd period - Jason Spezza wins face-off versus Jeff Halpern in Senators zone.
7:17 of 2nd period - Daniel Alfredsson is hit by Alexander Semin and loses puck.
8:03 of 2nd period - Minor Penalty to Douglas Murray for Hooking.
8:04 of 2nd period - Ryane Clowe wins face-off versus Sidney Crosby in Capitals zone.
8:31 of 2nd period - Shot by Jamie Benn.
8:31 of 2nd period - Shot Misses the Net.
9:05 of 2nd period - Shot by Claude Giroux.
9:05 of 2nd period - Stopped by Jimmy Howard without a rebound.
9:06 of 2nd period - David Desharnais wins face-off versus Ryan Kesler in Capitals zone.
9:25 of 2nd period - Shot by Claude Giroux.
9:25 of 2nd period - Stopped by Jimmy Howard with a rebound.
9:39 of 2nd period - Shot by Jeff Halpern.
9:39 of 2nd period - Shot Blocked by Dion Phaneuf.
10:13 of 2nd period - Shot by Taylor Hall.
10:13 of 2nd period - Shot Misses the Net.
10:17 of 2nd period - Shot by Alexei Kovalev.
10:17 of 2nd period - Goal by Alexei Kovalev - Capitals : 1 - Senators : 1.
10:18 of 2nd period - Sidney Crosby wins face-off versus Alexander Semin in neutral zone.
10:34 of 2nd period - Jan Hejda is hit by Trent Hunter and loses puck.
10:40 of 2nd period - Major / Game Misconduct Penalty to Jan Hejda for Checking from behind.
10:40 of 2nd period - Jan Hejda is ejected from game.
10:41 of 2nd period - Matt Stajan wins face-off versus Craig Conroy in Senators zone.
11:11 of 2nd period - Ryane Clowe is hit by Daniel Alfredsson and loses puck.
12:10 of 2nd period - Off-side.
12:11 of 2nd period - Matt Stajan wins face-off versus Craig Conroy in neutral zone.
12:14 of 2nd period - Shot by Kimmo Timonen.
12:14 of 2nd period - Shot Hit the Post.
12:16 of 2nd period - Shot by Matt Stajan.
12:16 of 2nd period - Stopped by Carey Price with a rebound.
12:18 of 2nd period - Shot by Kimmo Timonen.
12:18 of 2nd period - Shot Blocked by Derek Morris.
12:20 of 2nd period - Shot by Kimmo Timonen.
12:20 of 2nd period - Stopped by Carey Price without a rebound.
12:21 of 2nd period - David Desharnais wins face-off versus Craig Conroy in Senators zone.
12:22 of 2nd period - Shot by Mike Green.
12:22 of 2nd period - Stopped by Carey Price without a rebound.
12:23 of 2nd period - Craig Conroy wins face-off versus David Desharnais in Senators zone.
13:10 of 2nd period - Ruslan Salei is hit by Ryane Clowe and loses puck.
14:51 of 2nd period - Icing by Tomas Fleischmann.
14:52 of 2nd period - David Desharnais wins face-off versus Sidney Crosby in Capitals zone.
14:56 of 2nd period - Off-side.
14:57 of 2nd period - Sidney Crosby wins face-off versus David Desharnais in neutral zone.
15:06 of 2nd period - Shot by Mike Green.
15:06 of 2nd period - Stopped by Carey Price without a rebound.
15:07 of 2nd period - Taylor Hall wins face-off versus Sidney Crosby in Senators zone.
15:16 of 2nd period - Shot by Tomas Fleischmann.
15:16 of 2nd period - Stopped by Carey Price without a rebound.
15:17 of 2nd period - Matt Stajan wins face-off versus Daniel Alfredsson in Senators zone.
15:36 of 2nd period - Icing by Willie Mitchell.
15:37 of 2nd period - Sidney Crosby wins face-off versus Matt Stajan in Capitals zone.
16:17 of 2nd period - Icing by David Desharnais.
16:18 of 2nd period - Jason Spezza wins face-off versus David Desharnais in Capitals zone.
16:18 of 2nd period - Patrick Eaves is hit by Marc Methot and loses puck.
17:09 of 2nd period - Willie Mitchell is hit by Peter Regin.
17:15 of 2nd period - Icing by Alexander Semin.
17:16 of 2nd period - Sidney Crosby wins face-off versus Jeff Halpern in Capitals zone.
18:19 of 2nd period - Shot by Ryan Kesler.
18:19 of 2nd period - Shot Misses the Net.
18:23 of 2nd period - Shot by Ales Hemsky.
18:23 of 2nd period - Shot Misses the Net.
18:27 of 2nd period - Shot by Ryan Kesler.
18:27 of 2nd period - Stopped by Jimmy Howard without a rebound.
18:28 of 2nd period - Daniel Alfredsson wins face-off versus David Desharnais in Capitals zone.
18:29 of 2nd period - Shot by Jason Spezza.
18:29 of 2nd period - Stopped by Jimmy Howard with a rebound.
18:36 of 2nd period - Off-side.
18:37 of 2nd period - Sidney Crosby wins face-off versus Matt Stajan in neutral zone.
18:37 of 2nd period - Sidney Crosby is hit by Alexander Ovechkin.
18:44 of 2nd period - Sidney Crosby is hit by Steve Eminger and loses puck.
18:56 of 2nd period - Minor Penalty to Steve Eminger for Tripping.
18:57 of 2nd period - Claude Giroux wins face-off versus Ryane Clowe in Capitals zone.
19:39 of 2nd period - Icing by Dion Phaneuf.
19:40 of 2nd period - Jason Spezza wins face-off versus David Desharnais in Senators zone.

Period #3

0:01 of 3rd period - Sidney Crosby wins face-off versus Jeff Halpern in neutral zone.
0:20 of 3rd period - Shot by Sidney Crosby.
0:20 of 3rd period - Shot Misses the Net.
0:22 of 3rd period - Shot by Nicklas Lidstrom.
0:22 of 3rd period - Shot Blocked by Douglas Murray.
0:26 of 3rd period - Shot by John-Michael Liles.
0:26 of 3rd period - Stopped by Jimmy Howard without a rebound.
0:27 of 3rd period - Jason Spezza wins face-off versus Jeff Halpern in Capitals zone.
0:28 of 3rd period - Shot by John-Michael Liles.
0:28 of 3rd period - Shot Blocked by Kimmo Timonen.
1:45 of 3rd period - Shot by Ryane Clowe.
1:45 of 3rd period - Shot Misses the Net.
1:49 of 3rd period - Shot by Alexander Ovechkin.
1:49 of 3rd period - Stopped by Carey Price with a rebound.
1:51 of 3rd period - Shot by Kimmo Timonen.
1:51 of 3rd period - Shot Misses the Net.
1:53 of 3rd period - Shot by Matt Stajan.
1:53 of 3rd period - Shot Misses the Net.
1:55 of 3rd period - Shot by Mike Green.
1:55 of 3rd period - Shot Blocked by Derek Morris.
1:57 of 3rd period - Shot by Matt Stajan.
1:57 of 3rd period - Shot Misses the Net.
1:59 of 3rd period - Shot by Kimmo Timonen.
1:59 of 3rd period - Shot Blocked by Nicklas Lidstrom.
2:16 of 3rd period - Ryane Clowe is hit by Derek Morris and loses puck.
2:39 of 3rd period - Off-side.
2:40 of 3rd period - Jeff Halpern wins face-off versus Ales Hemsky in neutral zone.
3:14 of 3rd period - Shot by Ryan Kesler.
3:14 of 3rd period - Stopped by Jimmy Howard with a rebound.
3:16 of 3rd period - Shot by Ales Hemsky.
3:16 of 3rd period - Shot Misses the Net.
4:13 of 3rd period - David Desharnais is hit by Ruslan Salei and loses puck.
4:16 of 3rd period - Shot by Taylor Hall.
4:16 of 3rd period - Stopped by Carey Price without a rebound.
4:17 of 3rd period - Alexander Ovechkin wins face-off versus Ryan Kesler in Senators zone.
4:43 of 3rd period - Icing by John-Michael Liles.
4:44 of 3rd period - Matt Stajan wins face-off versus Ryan Kesler in Senators zone.
5:20 of 3rd period - Minor Penalty to Trent Hunter for Tripping.
5:21 of 3rd period - Sidney Crosby wins face-off versus David Desharnais in Capitals zone.
5:31 of 3rd period - Off-side.
5:32 of 3rd period - Sidney Crosby wins face-off versus David Desharnais in neutral zone.
5:34 of 3rd period - Nicklas Lidstrom is hit by Ryane Clowe and loses puck.
5:58 of 3rd period - Shot by Jason Spezza.
5:58 of 3rd period - Shot Blocked by Willie Mitchell.
6:29 of 3rd period - Icing by Claude Giroux.
6:30 of 3rd period - Jeff Halpern wins face-off versus Craig Conroy in Senators zone.
6:43 of 3rd period - Shot by Claude Giroux.
6:43 of 3rd period - Deflect By Nick Foligno.
6:43 of 3rd period - Shot Misses the Net.
7:04 of 3rd period - Icing by Nicklas Lidstrom.
7:05 of 3rd period - Sidney Crosby wins face-off versus Alexander Semin in Senators zone.
7:12 of 3rd period - Shot by Sidney Crosby.
7:12 of 3rd period - Deflect By Jamie Benn.
7:12 of 3rd period - Shot Blocked by Mike Green.
7:20 of 3rd period - Shot by Sidney Crosby.
7:20 of 3rd period - Stopped by Jimmy Howard without a rebound.
7:21 of 3rd period - Jason Spezza wins face-off versus David Desharnais in Capitals zone.
7:41 of 3rd period - Shot by Taylor Hall.
7:41 of 3rd period - Shot Misses the Net.
7:46 of 3rd period - Icing by Ruslan Salei.
7:47 of 3rd period - Jason Spezza wins face-off versus Alexander Semin in Senators zone.
8:07 of 3rd period - Icing by John-Michael Liles.
8:08 of 3rd period - Ryan Kesler wins face-off versus Ryane Clowe in Senators zone.
8:22 of 3rd period - Kimmo Timonen is hit by Ryan Kesler and loses puck.
8:23 of 3rd period - Minor Penalty to Peter Regin for High sticking.
8:24 of 3rd period - Craig Conroy wins face-off versus Matt Stajan in Senators zone.
9:44 of 3rd period - Shot by Mike Green.
9:44 of 3rd period - Stopped by Carey Price without a rebound.
9:45 of 3rd period - David Desharnais wins face-off versus Patrick Eaves in Senators zone.
10:08 of 3rd period - Shot by Alexander Semin.
10:08 of 3rd period - Shot Misses the Net.
10:10 of 3rd period - Shot by Tomas Fleischmann.
10:10 of 3rd period - Stopped by Carey Price with a rebound.
10:12 of 3rd period - Shot by Mike Green.
10:12 of 3rd period - Shot Misses the Net.
10:14 of 3rd period - Shot by David Desharnais.
10:14 of 3rd period - Goal by David Desharnais - Capitals : 2 - Senators : 1.
10:15 of 3rd period - Jeff Halpern wins face-off versus Sidney Crosby in neutral zone.
10:24 of 3rd period - Shot by Claude Giroux.
10:24 of 3rd period - Stopped by Jimmy Howard with a rebound.
10:46 of 3rd period - Icing by Nicklas Lidstrom.
10:47 of 3rd period - Sidney Crosby wins face-off versus Matt Stajan in Senators zone.
10:59 of 3rd period - Minor Penalty to Kimmo Timonen for Tripping.
11:00 of 3rd period - David Desharnais wins face-off versus Jason Spezza in Capitals zone.
11:00 of 3rd period - David Desharnais is hit by Claude Giroux.
11:18 of 3rd period - Shot by John-Michael Liles.
11:18 of 3rd period - Shot Misses the Net.
11:51 of 3rd period - Minor Penalty to Alexander Ovechkin for Tripping.
11:52 of 3rd period - Sidney Crosby wins face-off versus Jeff Halpern in Capitals zone.
13:15 of 3rd period - Jason Spezza is hit by Mike Green and loses puck.
13:54 of 3rd period - Shot by Alexander Ovechkin.
13:54 of 3rd period - Shot Misses the Net.
14:11 of 3rd period - Nick Foligno is hit by Steve Eminger and loses puck.
14:15 of 3rd period - Minor Penalty to Steve Eminger for Tripping.
14:16 of 3rd period - Sidney Crosby wins face-off versus David Desharnais in Capitals zone.
17:22 of 3rd period - Shot by Alexander Ovechkin.
17:22 of 3rd period - Deflect By Taylor Hall.
17:22 of 3rd period - Stopped by Carey Price without a rebound.
17:23 of 3rd period - Jason Spezza wins face-off versus Ryane Clowe in Senators zone.
18:36 of 3rd period - Icing by Ales Hemsky.
18:37 of 3rd period - Craig Conroy wins face-off versus Alexander Ovechkin in Senators zone.
18:53 of 3rd period - Alexander Ovechkin is hit by Claude Giroux and loses puck.
19:21 of 3rd period - Senators, Carey Price is pulled from the net.
19:44 of 3rd period - Off-side.
19:45 of 3rd period - Ryan Johnson wins face-off versus Taylor Hall in neutral zone.


Output by the SimonT Hockey Simulator (STHS) for Stephane Roy -- Original Page W3C XHTML 1.0 Valid